 Dungeon Sprint DCSS version 0.21.1-1-g345015f (webtiles) character file.

560 Psiloshibe the Fighter (level 7, 0/67 HPs)
             Began as a Barachi Berserker on June 2, 2018.
             Was an Elder of Trog.
             Slain by a tengu warrior
             ... wielding a cursed +0 great mace
              (3 damage)
             ... in the Dungeon (Sprint IX: "|||||||||||||||||||||||||||||").
             The game lasted 00:03:03 (569 turns).

Psiloshibe the Fighter (Barachi Berserker)           Turns: 569, Time: 00:03:04

Health: 0/67       AC: 10    Str: 20    XL:     7   Next: 31%
Magic:  7/7        EV: 17    Int:  7    God:    Trog [****..]
Gold:   0          SH:  0    Dex: 15    Spells: 6/6 levels left

rFire    . . .     SeeInvis .   b - +2 rapier (elec)
rCold    . . .     Gourm    .   (no shield)
rNeg     . . .     Faith    .   r - +2 ring mail
rPois    .         Spirit   .   (no helmet)
rElec    .         Reflect  .   s - +0 cloak
rCorr    .         Harm     .   t - +0 pair of gloves
MR       ++...     NoTele   +   (no boots)
Stlth    +.........             (no amulet)
HPRegen  1.21/turn              n - +2 ring of evasion
MPRegen  0.10/turn              q - +3 ring of dexterity

@: can't hop, regenerating, slow
A: +LOS, swims, slowness 1, strong legs 1
a: Hop, Berserk, Trog's Hand, Brothers in Arms, Burn Spellbooks, Renounce
Religion


You were in the Dungeon.
You worshipped Trog.
Trog was greatly pleased with you.
You were hungry.

You visited 1 branch

Inventory:

Hand Weapons
 a - the +5 demon whip "Spellbinder" {antimagic, MR+}
   (You found it in the Dungeon)

   It reduces the magical energy of the wielder, and disrupts the spells and
   magical abilities of those hit.
   Natural abilities and divine invocations are not affected.
   It affects your resistance to hostile enchantments.
 b - a +2 rapier of electrocution (weapon)
 p - a +3 war axe of flaming
Armour
 r - a +2 ring mail (worn)
 s - a +0 cloak (worn)
 t - a +0 pair of gloves (worn)
Jewellery
 n - a +2 ring of evasion (left hand)
 q - a +3 ring of dexterity (right hand)
Wands
 m - a wand of acid (9)
Scrolls
 i - 2 scrolls of blinking
 l - 3 scrolls of remove curse
Potions
 d - 5 potions of curing
 e - 3 potions of heal wounds
 f - a potion of haste
 g - 4 potions of magic
 h - a potion of berserk rage
 k - a potion of invisibility
Comestibles
 c - a ration
 j - 3 chunks of flesh


   Skills:
 + Level 10.9 Fighting
 + Level 3.4(5.1) Short Blades
   Level 6.4(6.9) Long Blades
 + Level 4.8 Maces & Flails
 * Level 7.7 Throwing
 + Level 4.5 Armour
 + Level 6.4 Dodging
 + Level 1.5 Stealth


You had 6 spell levels left.
You didn't know any spells.

Dungeon Overview and Level Annotations

Branches:
Dungeon (1/1)

Altars:
Cheibriados
Dithmenos
Elyvilon
Fedhas
Gozag
Hepliaklqana
Kikubaaqudgha
Makhleb
Nemelex Xobeh
Okawaru
Qazlal
Ru
Sif Muna
Trog
Uskayaw
Vehumet
Wu Jian
Xom
Yredelemnul
Zin
The Shining One
Beogh
Jiyva
Lugonu


Innate Abilities, Weirdness & Mutations

Shadows flee at your approach. (+LOS)
You can swim through water.
You cover ground slowly.
You can hop short distances.


Message History

You miss the tengu warrior.
The tengu warrior is almost dead.
The tengu warrior misses you. The tengu warrior closely misses you.
The tengu warrior claws you but does no damage.
Unknown command.
You closely miss the tengu warrior.
The tengu warrior is almost dead.
The tengu warrior hits you with a great mace!!
* * * LOW HITPOINT WARNING * * *
The tengu warrior pecks you.
* * * LOW HITPOINT WARNING * * *
The tengu warrior claws you but does no damage.
You miss the tengu warrior.
The tengu warrior is almost dead.
You hit the tengu warrior.
The tengu warrior is almost dead.
The tengu warrior hits you with a great mace!
* * * LOW HITPOINT WARNING * * *
The tengu warrior pecks you.
You die...

▓_▓
▓_▓
▓'▓
▓.▓
▓?▓
▓|▓
▓)▓
▓[▓
▓@▓
▓Q▓
▓J▓
▓y▓
▓)▓
▓.▓
▓.▓
▓.▓
▓.▓


You could see a tengu warrior, a hornet and a jelly.

Vanquished Creatures
  A yak (D)
  A vampire mosquito (D)
  A sky beast (D)
  An ogre (D)
  A crimson imp (D)
  An iguana (D)
  2 worker ants (D)
  A leopard gecko (D)
  An orc (D)
  A bat skeleton (D)
  A bat zombie (D)
  2 goblins (D)
  2 hobgoblins (D)
  A quokka (D)
  A giant cockroach zombie (D)
  A quokka zombie (D)
19 creatures vanquished.

Notes
Turn   | Place    | Note
-------+----------+-------------------------------------------
     0 | D        | Psiloshibe the Barachi Berserker began the quest for the Orb.
     0 | D        | Reached XP level 1. HP: 18/18 MP: 1/1
     8 | D        | Reached skill level 4 in Fighting
    11 | D        | Reached ** piety under Trog
    11 | D        | Reached skill level 1 in Throwing
    13 | D        | Reached XP level 2. HP: 11/26 MP: 2/2
   200 | D        | Reached *** piety under Trog
   200 | D        | Reached skill level 5 in Fighting
   200 | D        | Reached skill level 5 in Long Blades
   200 | D        | Reached XP level 3. HP: 19/33 MP: 3/3
   220 | D        | Reached skill level 6 in Fighting
   220 | D        | Reached XP level 4. HP: 18/40 MP: 4/4
   364 | D        | Found a roughly hewn altar of Beogh.
   364 | D        | Found a snail-covered altar of Cheibriados.
   364 | D        | Found a shadowy altar of Dithmenos.
   364 | D        | Found a white marble altar of Elyvilon.
   364 | D        | Found a blossoming altar of Fedhas.
   364 | D        | Found an opulent altar of Gozag.
   364 | D        | Found a hazy altar of Hepliaklqana.
   365 | D        | Found a viscous altar of Jiyva.
   366 | D        | Found an ancient bone altar of Kikubaaqudgha.
   367 | D        | Found a corrupted altar of Lugonu.
   368 | D        | Found a burning altar of Makhleb.
   369 | D        | Found a sparkling altar of Nemelex Xobeh.
   370 | D        | Found an iron altar of Okawaru.
   371 | D        | Found a stormy altar of Qazlal.
   372 | D        | Found a sacrificial altar of Ru.
   373 | D        | Found a deep blue altar of Sif Muna.
   374 | D        | Found a bloodstained altar of Trog.
   375 | D        | Found a hide-covered altar of Uskayaw.
   376 | D        | Found a radiant altar of Vehumet.
   377 | D        | Found an ornate altar of the Wu Jian Council.
   378 | D        | Found a shimmering altar of Xom.
   379 | D        | Found a basalt altar of Yredelemnul.
   380 | D        | Found a glowing silver altar of Zin.
   381 | D        | Found a glowing golden altar of the Shining One.
   399 | D        | Found the +5 demon whip "Spellbinder" {antimagic, MR+}
   446 | D        | Noticed an ogre
   446 | D        | Noticed a sky beast
   446 | D        | Noticed a yak
   455 | D        | Killed an ogre
   455 | D        | Reached **** piety under Trog
   455 | D        | Reached skill level 7 in Fighting
   455 | D        | Reached skill level 1 in Maces & Flails
   455 | D        | Reached XP level 5. HP: 36/49 MP: 1/5
   477 | D        | Reached skill level 8 in Fighting
   490 | D        | Killed a sky beast
   490 | D        | Reached skill level 9 in Fighting
   490 | D        | Reached skill level 1 in Short Blades
   490 | D        | Reached skill level 5 in Throwing
   490 | D        | Reached skill level 5 in Dodging
   490 | D        | Reached skill level 1 in Stealth
   490 | D        | Reached XP level 6. HP: 58/58 MP: 2/6
   495 | D        | Killed a yak
   495 | D        | Reached skill level 10 in Fighting
   526 | D        | Noticed a vampire mosquito
   526 | D        | Noticed a tengu warrior
   526 | D        | Noticed a hornet
   543 | D        | Killed a vampire mosquito
   543 | D        | Reached XP level 7. HP: 39/67 MP: 7/7
   569 | D        | HP: 3/67 [tengu warrior/great mace (16)]
   569 | D        | Slain by a tengu warrior

Skill      XL: |  1  2  3  4  5  6 |
---------------+-------------------+-----
Fighting       | 4 5 6 7 9 10 | 10.9
Long Blades    | 4 5 6 |  6.4
Throwing       | 1 2 3 4 5 7 |  7.7
Armour         | 3 4 |  4.5
Dodging        | 3 4 5 6 |  6.4
Maces & Flails | 1 3 4 |  4.8
Short Blades   | 1 3 |  3.4
Stealth        | 1 |  1.5

Action                   |  1- 3 |  4- 6 |  7- 9 || total
-------------------------+-------+-------+-------++-------
Melee: Falchion          |    36 |       |       ||    36
       Demon whip        |       |    10 |       ||    10
       Rapier            |       |    35 |    12 ||    47
Invok: Trog's Hand       |     2 |     4 |     1 ||     7
       Brothers in Arms  |       |       |     1 ||     1
 Abil: Hop               |       |       |     1 ||     1
Evoke: Wand              |       |       |     1 ||     1
  Eat: Chunk             |       |     1 |       ||     1
Armor: Animal skin       |     3 |       |       ||     3
       Ring mail         |       |    17 |     8 ||    25
Dodge: Dodged            |    28 |    31 |    11 ||    70
       Rpst.: Falchion   |    13 |       |       ||    13
